 Dungeon Crawl Stone Soup version 0.13.0-19-g8e0b589 (webtiles) character file.

277 M4edhros the Sneak (level 5, -3/34 HPs)
             Began as an Octopode Artificer on Oct 25, 2013.
             Slain by a worker ant (7 damage)
             ... on Level 4 of the Dungeon.
             The game lasted 00:02:04 (1792 turns).

M4edhros the Sneak (Octopode Artificer)             Turns: 1792, Time: 00:02:04

HP  -3/34        AC  1     Str  9 (10) XL: 5   Next: 40%
MP   7/7         EV 12     Int 15      God:
Gold 119         SH  0     Dex 13      Spells:  0 memorised,  4 levels left

Res.Fire  : . . .   See Invis. : .   j - +1,+2 orc short sword (venom)
Res.Cold  : . . .   Warding    : .   (no shield)
Life Prot.: . . .   Conserve   : .   (helmet restricted)
Res.Poison: .       Res.Corr.  : .   (no amulet)
Res.Elec. : .       Clarity    : .   (no ring)
Sust.Abil.: . .     Spirit.Shd : .   (no ring)
Res.Mut.  : .       Stasis     : .   (no ring)
Res.Rott. : .       Flight     : .   (no ring)
Saprovore : . . .                    (no ring)
                                     (no ring)
                                     (no ring)
                                     (no ring)

@: slowed, very slow, slightly resistant to hostile enchantments, very stealthy
A: almost no armour, amphibious, 8 rings, constrict 8, camouflage 1, AC +1
a: no special abilities


You were on level 4 of the Dungeon.
You were hungry.

You visited 1 branch of the dungeon, and saw 4 of its levels.

You collected 99 gold pieces.

Inventory:

Hand weapons
 a - a +0,+0 short sword
 j - a +1,+2 orcish short sword of venom (weapon)
Magical devices
 b - a wand of flame (10)
 c - a wand of enslavement (14)
 d - a wand of random effects (15)
Comestibles
 f - 2 bread rations
 o - an orange
Scrolls
 e - a scroll of remove curse {unknown}
 h - a scroll of teleportation {unknown}
 i - 2 scrolls of identify {unknown}
Jewellery
 g - an uncursed amulet of rage {unknown}
 m - an uncursed amulet of stasis {unknown}


   Skills:
 - Level 1.0 Fighting
 - Level 1.0 Short Blades
 - Level 2.0 Dodging
 + Level 7.3 Stealth
 - Level 3.2 Evocations


You had 4 spell levels left.
You didn't know any spells.

Dungeon Overview and Level Annotations

Branches:
Dungeon (4/27)
 Temple: D:4-7

Altars:


Innate Abilities, Weirdness & Mutations

You cannot wear most types of armour.
You are amphibious.
You can wear up to eight rings at the same time.
You can use your tentacles to constrict many enemies at once.
Your skin changes colour to match your surroundings (Stlth).
Your rubbery body absorbs attacks (AC +1).


Message History

You aren't carrying any potions.
You hit the orc wizard.
The orc wizard looks even sicker.
The orc wizard is severely wounded.
You constrict the orc wizard, but do no damage.
The orc wizard casts a spell at you. The magic dart hits you!
* * * LOW HITPOINT WARNING * * *
The orc wizard hits you with an orcish dagger.
* * * LOW HITPOINT WARNING * * *
The orc barely misses you.
Evoke which item? (* to show all) (? for menu, Esc to quit)
Zapping:
c - a wand of enslavement (15)
Press: ? - help, Shift-Dir - straight line, f - worker ant
Aim: a worker ant The worker ant resists.
This wand has 14 charges left.
You constrict the orc wizard.
You kill the orc wizard!
Your Stealth skill increases to level 7!
The worker ant bites you!
You die...

........... # .
........... ..............
#.......a....#
#.##............#
........o.....#####.## .
#..####..#.#oh....... #.
#........o.#a#####... #.
#.......#..#@o........ #.
#..........#.)####....
#.##..).......#..........
.#........#....#..........
........#.#....#.#####...#
###.....#.#....#.........#
###%...........#.#####.#..
<..............#.#####.#
###..#...................


You could see a hound, a worker ant and 2 orcs.

Vanquished Creatures
  2 orc wizards
  Ijyb (D:4)
  3 adders
  A giant mite (D:1)
  An ooze (D:1)
  5 orcs
  6 giant cockroaches (D:1)
  6 hobgoblins
  7 kobolds
  2 bats
  A giant gecko (D:2)
  2 giant newts
  5 goblins
  7 rats
49 creatures vanquished.

Notes
Turn   | Place    | Note
--------------------------------------------------------------
     0 | D:1      | M4edhros, the Octopode Artificer, began the quest for the Orb.
     0 | D:1      | Reached XP level 1. HP: 14/14 MP: 1/1
   238 | D:1      | Reached XP level 2. HP: 19/19 MP: 3/3
   548 | D:1      | Reached skill level 4 in Stealth
   621 | D:1      | Reached XP level 3. HP: 20/24 MP: 4/4
   905 | D:2      | Reached skill level 5 in Stealth
  1021 | D:2      | HP: 1/24 [poisoned by an adder]
  1031 | D:2      | HP: 1/24 [poisoned by an adder]
  1359 | D:3      | Reached XP level 4. HP: 27/29 MP: 6/6
  1370 | D:3      | Reached skill level 6 in Stealth
  1769 | D:4      | Noticed Ijyb
  1786 | D:4      | Killed Ijyb
  1786 | D:4      | Reached XP level 5. HP: 22/34 MP: 7/7
  1792 | D:4      | Reached skill level 7 in Stealth
  1792 | D:4      | Slain by a worker ant

Action                   |  1- 3 |  4- 6 || total
-------------------------+-------+-------++-------
Melee: Short sword       |    94 |    37 ||   131
Evoke: Wand              |     4 |     2 ||     6
  Use: Potion            |     4 |       ||     4
 Stab: Sleeping          |     4 |       ||     4
